 Dungeon Crawl Stone Soup version 0.29-a0-1043-g569b05d6ff (webtiles) character file.

Game seed: 3054461759563865143

105831 jlumianski the Cleaver (level 15, -2/111 HPs)
             Began as a Demonspawn Gladiator on Aug 11, 2022.
             Was the Champion of Hepliaklqana.
             Slain by a naga warrior
             ... wielding a +0 glaive
              (35 damage)
             ... on level 1 of the Snake Pit on Aug 15, 2022.
             The game lasted 02:47:57 (26652 turns).

jlumianski the Cleaver (Demonspawn Gladiator)      Turns: 26652, Time: 02:47:58

Health: -2/111     AC: 21    Str: 19      XL:     15   Next: 95%
Magic:  29/29      EV:  8    Int: 19      God:    Hepliaklqana [******]
Gold:   1585       SH:  0    Dex: 10 (14) Spells: 13/34 levels left

rFire   x . .      SeeInvis .   y - +7 broad axe (vamp)
rCold   + + .      Faith    .   (no shield)
rNeg    . . .      Spirit   .   I - +0 ice dragon scales
rPois   +          Reflect  .   Z - +2 hat
rElec   .          Harm     .   C - scarf {repulsion}
rCorr   .          Rampage  +   (no gloves)
Will    ++...                   J - +2 pair of boots {rampage}
Stlth   +.........              H - amulet of regeneration
HPRegen 1.08/turn               e - ring of Dithmenos's Supremacy {rPois Int+6}
MPRegen 0.42/turn               i - ring of wizardry

@: lethally poisoned (-2 -> -3), constricted, studying Polearms, repel missiles
A: reduced essence, rugged brown scales 3, demonic guardian 2, magic
regeneration, demonic touch 2, strong-willed 1, MP-powered wands
a: Renounce Religion, Recall Ancestor, Ancestor Identity, Transference, Idealise


You were on level 1 of the Snake Pit.
You worshipped Hepliaklqana.
Hepliaklqana was exalted by your worship.
You visited 5 branches of the dungeon, and saw 24 of its levels.
You visited 1 bazaar.
You also visited: Ice Cave.

You collected 2875 gold pieces.
You spent 1290 gold pieces at shops.

Inventory:

Hand Weapons
 y - a +7 vampiric broad axe (weapon)
 L - the +2 hand axe "Rutak Wee" {flame, Will+}
   (You found it on level 8 of the Dungeon)

   It burns those it strikes, dealing additional fire damage.
   Big, fiery blades are also staple armaments of hydra-hunters.
   Will:      It increases your willpower.
 V - the +3 Elemental Staff {rElec rF++ rC++ AC+5}
   (You found it on level 5 of the Lair of Beasts)

   If the wielder is skilled in Evocations, they can discharge powerful blasts
   of elemental energy when striking with it.
   It enhances your fire, ice, earth and air magic.
   AC:        It affects your AC (+5).
   rF:        It greatly protects you from fire.
   rC:        It greatly protects you from cold.
   rElec:     It insulates you from electricity.
Missiles
 a - a silver boomerang
 d - 7 throwing nets
 m - 16 poisoned darts
 q - 18 boomerangs (quivered)
 s - 4 javelins
 N - 4 boomerangs of dispersal
 W - 6 curare-tipped darts
Armour
 j - a +4 plate armour of positive energy
 x - a +2 chain mail of poison resistance
 C - a scarf of repulsion (worn)
 I - +0 ice dragon scales (worn)
 J - a +2 pair of boots of rampaging (worn)
 X - a +0 cloak
 Z - a +2 hat (worn)
Jewellery
 b - a +4 ring of protection
 e - the ring of Dithmenos's Supremacy (left hand) {rPois Int+6}
   (You found it on level 12 of the Dungeon)

   [ring of intelligence]

   Int:       It affects your intelligence (+6).
   rPois:     It protects you from poison.
 i - a ring of wizardry (right hand)
 n - a ring of poison resistance
 E - a +4 ring of evasion
 H - an amulet of regeneration (around neck)
 P - a ring of protection from cold
 T - a ring of positive energy
Wands
 r - a wand of roots (15)
 v - a wand of acid (2)
 A - a wand of flame (68)
 G - a wand of mindburst (11)
 M - a wand of charming (32)
Scrolls
 c - 3 scrolls of summoning
 t - 5 scrolls of blinking
 B - 2 scrolls of magic mapping
 D - 3 scrolls of poison
 F - 11 scrolls of teleportation
 K - 4 scrolls of butterflies
 Q - a scroll of fear
 S - 5 scrolls of identify
Potions
 f - a potion of lignification
 g - 2 potions of ambrosia
 h - 4 potions of curing
 k - 7 potions of might
 l - 3 potions of cancellation
 o - 4 potions of haste
 p - 2 potions of attraction
 u - 5 potions of berserk rage
 w - 3 potions of invisibility
 z - a potion of resistance
 O - 2 potions of heal wounds
Miscellaneous
 R - a tin of tremorstones (1/2)


   Skills:
 + Level 10.0 Fighting
 + Level 12.8 Axes
 + Level 3.4 Throwing
 + Level 9.4 Armour
 + Level 7.3 Dodging
 + Level 5.0 Stealth
 * Level 10.3 Spellcasting
 * Level 6.2 Summonings
 - Level 7.6 Translocations
 - Level 8.2 Transmutations
 * Level 9.3 Invocations
 * Level 6.3 Evocations


You had 13 spell levels left.
You knew the following spells:

 Your Spells              Type           Power      Damage    Failure   Level
a - Beastly Appendage     Tmut           80%        N/A       1%          1
b - Blink                 Tloc           76%        N/A       1%          2
c - Wereblood             Tmut           40%        N/A       1%          2
d - Lesser Beckoning      Tloc           38%        N/A       1%          3
e - Manifold Assault      Tloc           38%        N/A       11%         5
f - Call Canine Familiar  Summ           33%        N/A       2%          3
g - Summon Forest         Summ/Tloc      18%        N/A       14%         5

Your spell library contained the following spells:

 Spells                   Type           Power      Damage    Failure   Level
 Passwall                 Tmut/Erth      20%        N/A       2%          2
 Spider Form              Tmut/Pois      25%        N/A       4%          3
 Sandblast                Erth           18%        2d7       9%          1
 Sublimation of Blood     Necr           9%         N/A       14%         2
 Summon Ice Beast         Ice/Summ       21%        N/A       24%         4
 Summon Lightning Spire   Summ/Air       21%        N/A       24%         4
 Dazzling Flash           Conj/Hex       18%        N/A       26%         3
 Inner Flame              Hex/Fire       9%         N/A       26%         3
 Ozocubu's Armour         Ice            9%         N/A       26%         3
 Stone Arrow              Conj/Erth      18%        3d8       26%         3
 Alistair's Intoxication  Tmut/Pois      16%        N/A       41%         5
 Summon Mana Viper        Hex/Summ       21%        N/A       52%         5
 Airstrike                Air            4%         2d(1-17)  63%         4
 Anguish                  Hex/Necr       4%         N/A       63%         4
 Cause Fear               Hex            4%         N/A       63%         4
 Summon Cactus Giant      Summ           16%        N/A       69%         6
 Agony                    Necr           9%         N/A       91%         5
 Borgnjor's Vile Clutch   Necr/Erth      4%         N/A       91%         5
 Fireball                 Conj/Fire      4%         3d4       91%         5
 Iskenderun's Battlesphe  Conj           9%         2d6       91%         5
 Lightning Bolt           Conj/Air       4%         1d16      91%         5
 Metabolic Englaciation   Hex/Ice        4%         N/A       91%         5
 Silence                  Hex/Air        4%         N/A       91%         5
 Eringya's Noxious Bog    Tmut/Pois      12%        N/A       91%         6
 Summon Hydra             Summ           16%        N/A       99%         7
 Conjure Ball Lightning   Conj/Air       4%         3x3d6     100%        6
 Simulacrum               Ice/Necr       4%         N/A       100%        6
 Enfeeble                 Hex            4%         N/A       100%        7
 Orb of Destruction       Conj           4%         9d5       100%        7
 Discord                  Hex            4%         N/A       100%        8
 Dragon's Call            Summ           16%        N/A       100%        9


Dungeon Overview and Level Annotations

Branches:
Dungeon (15/15)            Temple (1/1) D:4            Lair (5/5) D:9
 Shoals (0/4) Lair:3        Snake (1/4) Lair:2        Slime (0/5) Lair:4
    Orc (2/2) D:10            Elf (0/3) Orc:2        Vaults (0/5) D:13
 Depths (0/4) D:15          IceCv (visited)

Altars:
Cheibriados
Gozag
Hepliaklqana
Kikubaaqudgha
Nemelex Xobeh
Okawaru
Qazlal
Sif Muna
Trog
Uskayaw
Vehumet
Wu Jian
Yredelemnul
Jiyva

Shops:
D:1 [   D:9 :   D:10 !   Orc:2 !=[[   Snake:1 *

Annotations:
D:3 1 runed translucent door, Crazy Yiuf
D:13 3 runed translucent doors, Jiziv's ghost, journeyman DjCj; Roczioh's ghost, journeyman DsEn
Snake:1 1 transporter


Innate Abilities, Weirdness & Mutations

Your life essence is reduced to manifest your ancestor. (-10% HP)
You are completely covered in rugged brown scales. (AC +3, +7% HP)
A demonic guardian rushes to your aid.
You regenerate magic rapidly.
Your touch may inflict irresistible damage on your foes.
You are strong-willed. (Will+)
You expend magic power (3 MP) to strengthen your wands.


Message History

The hell beast tramples you but does no damage.
The hell beast bites you!
The hell beast tramples you but does no damage.
You hear a loud "Zot"!
You slice the hell beast!!
The hell beast is severely wounded.
You slash the naga ritualist!
You feel sick.
The hell beast bleats, "Fly lest death find thee!"
The hell beast bites you. The hell beast closely misses you.
Unknown command.
You barely miss the hell beast.
The hell beast is severely wounded.
You closely miss the naga ritualist.
You feel sick.
The hell beast bites you but does no damage.
The hell beast closely misses you.
The naga warrior hits you from afar with a +0 glaive!
A demonic guardian appears!
The naga ritualist completely misses you.
The naga ritualist grabs you. The naga ritualist constricts you.
The hell beast bites you but does no damage.
The hell beast tramples you but does no damage.
The naga ritualist's grasp on you weakens, but your attempt to escape fails.
You feel sick. The hell beast barely misses you. The hell beast tramples you.
You are held in place!
The naga ritualist barely misses you. The naga ritualist constricts you.
The naga warrior closely misses you.
Your sun demon hits the naga ritualist.
The naga ritualist is engulfed in flames!
Unknown command.
Really release a tremorstone near your sun demon?
Okay, then.
You miss the hell beast. Your touch misses the hell beast.
The hell beast is severely wounded.
You hit the naga ritualist.
You feel better.
You feel sick.
The hell beast bites you but does no damage.
The hell beast tramples you.
You are held in place!
The naga ritualist hits you with a +0 dire flail!
* * * LOW HITPOINT WARNING * * *
The naga ritualist constricts you.
The naga warrior hits you from afar with a +0 glaive!!
You die...

##...##..# #..#######
.#......## ..^^^.^..#
##....^... ...#.#.##
.^^^.^... #########
...#.#.# # #.......# #
##>....# #^ #.).....# ^#
####.#.# #.#.#^#.#.#.# ###
####.#.# ##...^.^^....##
###.### ..##...#
#^.##N#N#.##^.# ##......
...)...# #....2@3.^..#
#..#.##. ####...#
##..##.##.^## #..#.#..
##.....# ##^..^...##
#......# ...###.##
#......^# ##....### .###
#..## #..^©^..# ##...#..#
.# #...## #########
##...###.# .######...#
##### #...## #.#
......###.#############..##
#.#
...#............©........#
#.#


You could see a hell beast, a naga warrior, a naga ritualist (strong, ally
target) and a friendly sun demon (summoned).

Vanquished Creatures
  A dire elephant (D:14)
  The ghost of flotson the Cleaver, a journeyman DsDe of Gozag (Lair:1)
  The ghost of ytrimaz the Cleaver, a journeyman DsBe of Trog (D:12)
  Harold (D:10)
  3 boulder beetles
  3 hydras
  2 vault guards
  Erica (D:10)
  3 centaur warriors
  A death knight (D:12)
  3 anacondas (Snake:1)
  3 death yaks
  2 two-headed ogres (Orc:2)
  The ghost of jejorda2 the Basher, a novice PaBe of Trog (D:9)
  A goliath frog (Lair:5)
  3 deep elf pyromancers
  6 orc sorcerers
  2 mana vipers (Snake:1)
  An oklob plant (Lair:4)
  3 cyclopes
  5 ugly things
  11 elephants
  3 naga magi (Snake:1)
  9 black mambas
  A gargoyle (D:12)
  A torpor snail (Lair:5)
  14 cane toads
  An ice statue (IceCv)
  3 rime drakes
  7 komodo dragons
  5 trolls
  10 blink frogs
  A meliai (D:13)
  A polar bear (Lair:3)
  2 tyrant leeches (Lair:5)
  10 slime creatures
  6 dream sheep (Lair:3)
  A centaur simulacrum (D:14)
  38 yaks
  A vampire (D:14)
  3 wyverns
  3 basilisks
  2 neqoxecs (D:12)
  10 vampire mosquitoes
  6 nagas
  3 wargs (Orc:2)
  A death yak simulacrum (Lair:4)
  12 water moccasins
  A swamp drake (D:10)
  A sky beast (D:8)
  5 orc warriors
  3 black bears
  An ice beast (D:5)
  8 wolves
  5 ogres
  11 centaurs
  A phantom (D:5)
  A kobold brigand (D:6)
  14 bullfrogs
  A cane toad simulacrum (Lair:4)
  A wight (D:8)
  2 elephant simulacra (IceCv)
  4 howler monkeys
  11 killer bees
  A hound (D:5)
  3 quasits (D:12)
  Terence (D:3)
  6 orc priests
  5 iguanas
  28 orc wizards
  4 hell rats (Lair:5)
  A wolf simulacrum (Lair:4)
  A polar bear simulacrum (Lair:4)
  Robin (D:3)
  A gnoll (D:8)
  7 adders
  A shadow imp (D:5)
  A white imp (D:5)
  An ufetubus (D:6)
  5 worms
  2 dart slugs
  72 orcs
  7 endoplasms
  2 giant cockroaches
  16 goblins
  4 hobgoblins
  10 jackals
  3 quokkas
  8 ball pythons
  3 bats
  3 frilled lizards
  11 kobolds
  5 rats
  2 bushes (D:9)
497 creatures vanquished.

Vanquished Creatures (collateral kills)
  Rupert (Orc:2)
  A fire dragon (D:14)
  A great orb of eyes (D:14)
  Erolcha (D:13)
  A boulder beetle (D:13)
  2 hydras
  5 vault guards
  A centaur warrior (D:15)
  4 two-headed ogres
  3 death yaks
  A naga sharpshooter (Snake:1)
  Sonja (Orc:1)
  A goliath frog (Lair:5)
  Lodul (D:13)
  A naga ritualist (Snake:1)
  A mana viper (Snake:1)
  2 orc knights
  A wolf spider (D:15)
  4 orc sorcerers
  5 ugly things (D:15)
  2 manticores
  An ice statue (IceCv)
  4 elephants
  3 black mambas (Snake:1)
  8 cane toads
  A naga mage (Snake:1)
  A rime drake (Lair:1)
  2 unseen horrors
  6 komodo dragons
  2 trolls
  2 meliai (D:13)
  2 polar bears
  A tyrant leech (Lair:5)
  13 blink frogs
  A hornet (D:9)
  2 slime creatures
  A centaur simulacrum (D:15)
  2 shadows
  A spriggan (Lair:3)
  4 wyverns
  18 yaks
  A wraith (D:13)
  2 basilisks
  2 vampires
  A steam dragon (Lair:2)
  3 neqoxecs (D:12)
  Menkaure (D:7)
  2 nagas (Lair:2)
  5 vampire mosquitoes
  A warg (Orc:1)
  6 water moccasins
  An acid dragon (D:14)
  9 orc warriors
  A sky beast (D:7)
  6 ogres
  4 wolves
  7 centaurs
  A gnoll sergeant (D:8)
  3 bullfrogs
  3 wights (D:8)
  6 killer bees
  5 howler monkeys
  A quasit (D:12)
  2 jellies
  3 orc priests
  17 orc wizards
  A hell rat (Lair:5)
  A polar bear simulacrum (IceCv)
  2 gnolls (D:8)
  28 orcs
  A goblin (D:3)
  A kobold (D:6)
  A bush (D:9)
243 creatures vanquished.

Vanquished Creatures (others)
  3 orc wizards (Orc:2)
  25 battlemagi
  An orc (Orc:2)
  2 bushes (Lair:5)
  26 fungi
  147 plants
  A snaplasher vine (D:15)
205 creatures vanquished.

Grand Total: 945 creatures vanquished

Notes
Turn   | Place    | Note
-------+----------+-------------------------------------------
     0 | D:1      | jlumianski the Demonspawn Gladiator began the quest for the
                  | Orb.
     0 | D:1      | Reached XP level 1. HP: 16/16 MP: 1/1
   110 | D:1      | Gained mutation: A weak demonic guardian rushes to your
                  | aid. [demonic ancestry]
   110 | D:1      | Reached XP level 2. HP: 20/22 MP: 2/2
   306 | D:1      | Reached skill level 3 in Axes
   669 | D:1      | Found Binn's Armour Shoppe.
   990 | D:2      | Gained mutation: You are partially covered in rugged brown
                  | scales. (AC +1, +3% HP) [demonic ancestry]
   990 | D:2      | Reached XP level 3. HP: 12/27 MP: 3/3
  1246 | D:3      | Identified the +6 hand axe "Mavuxtefir" {vorpal, Str+6}
  1315 | D:3      | Noticed Robin
  1322 | D:3      | Reached skill level 1 in Armour
  1329 | D:3      | Killed Robin
  1330 | D:3      | Gained mutation: Your touch may inflict minor irresistible
                  | damage on your foes. [demonic ancestry]
  1330 | D:3      | Reached XP level 4. HP: 18/35 MP: 4/4
  1775 | D:3      | Found a runed translucent door.
  1776 | D:3      | Noticed Crazy Yiuf
  1804 | D:3      | Noticed Terence
  1805 | D:3      | Found an ancient bone altar of Kikubaaqudgha.
  1820 | D:3      | Killed Terence
  1821 | D:3      | Reached XP level 5. HP: 36/40 MP: 5/5
  2779 | D:2      | Reached skill level 4 in Axes
  2999 | D:2      | Found a faded altar of an unknown god.
  3492 | D:4      | Found an opulent altar of Gozag.
  3529 | D:4      | Learned a level 1 spell: Beastly Appendage
  3532 | D:4      | Gained mutation: A demonic guardian rushes to your aid.
                  | [demonic ancestry]
  3532 | D:4      | Reached XP level 6. HP: 48/48 MP: 6/6
  4021 | D:4      | Found a staircase to the Ecumenical Temple.
  4034 | Temple   | Entered the Ecumenical Temple
  4103 | Temple   | Became a worshipper of Hepliaklqana the Forgotten
  4729 | D:5      | Entered Level 5 of the Dungeon
  5305 | D:5      | Noticed an ice beast
  5313 | D:5      | Killed an ice beast
  5314 | D:5      | Reached skill level 5 in Axes
  5314 | D:5      | Reached XP level 7. HP: 49/54 MP: 7/7
  5347 | D:5      | Reached skill level 1 in Spellcasting
  5358 | D:5      | Reached skill level 1 in Transmutations
  5388 | D:5      | Identified the +9 whip of Zyinuc {vamp, rElec rC++}
  5474 | D:5      | Reached * piety under Hepliaklqana
  5516 | D:5      | Found a shimmering blue altar of Sif Muna.
  5752 | D:5      | Found a radiant altar of Vehumet.
  5903 | D:6      | Reached XP level 8. HP: 50/56 MP: 10/10
  5911 | D:6      | Learned a level 2 spell: Blink
  6201 | D:6      | Reached skill level 1 in Translocations
  6411 | D:6      | Reached skill level 6 in Axes
  6649 | D:6      | Reached skill level 5 in Fighting
  7016 | D:7      | Reached ** piety under Hepliaklqana
  7017 | D:7      | Remembered your ancestor Titus as a battlemage
  7199 | D:7      | Noticed Menkaure
  7208 | D:7      | Killed Menkaure
  7495 | D:7      | Reached XP level 9. HP: 63/63 MP: 13/13
  8044 | D:8      | Found a snail-covered altar of Cheibriados.
  8078 | D:8      | Reached *** piety under Hepliaklqana
  8078 | D:8      | Noticed a two-headed ogre
  8085 | D:8      | Killed a two-headed ogre
  8086 | D:8      | Reached skill level 7 in Axes
  8086 | D:8      | Reached skill level 1 in Stealth
  8089 | D:8      | Identified the +2 hand axe "Rutak Wee" {flame, Will+}
  8418 | D:8      | Reached XP level 10. HP: 62/70 MP: 15/15
  8421 | D:8      | Learned a level 2 spell: Wereblood
  8489 | D:8      | Reached skill level 5 in Armour
  8577 | D:8      | Noticed a two-headed ogre
  8586 | D:8      | Killed a two-headed ogre
  8882 | D:8      | Noticed a two-headed ogre
  8889 | D:8      | Killed a two-headed ogre
  8890 | D:8      | Reached skill level 8 in Axes
  9114 | D:9      | Noticed jejorda2's ghost (novice PaBe)
  9118 | D:9      | Found a runed translucent door.
  9128 | D:9      | Reached skill level 5 in Transmutations
  9242 | D:9      | Noticed a two-headed ogre
  9249 | D:9      | Killed a two-headed ogre
  9387 | D:9      | Found a staircase to the Lair.
  9404 | D:9      | Reached skill level 5 in Dodging
  9442 | D:9      | Found Laturchup's Book Emporium.
  9565 | D:9      | Reached skill level 5 in Spellcasting
  9565 | D:9      | Gained mutation: Your touch may inflict irresistible damage
                  | on your foes. [demonic ancestry]
  9565 | D:9      | Reached XP level 11. HP: 77/77 MP: 18/18
 10051 | D:9      | Killed jejorda2's ghost
 10110 | Lair:1   | Entered Level 1 of the Lair of Beasts
 10240 | D:10     | Entered Level 10 of the Dungeon
 10469 | D:10     | Reached **** piety under Hepliaklqana
 10478 | D:10     | Reached skill level 9 in Axes
 10479 | D:10     | Reached skill level 5 in Translocations
 10711 | D:10     | Found a staircase to the Orcish Mines.
 11004 | D:10     | Found Doru's Distillery.
 11080 | D:10     | Noticed Harold
 11089 | D:10     | Killed Harold
 11253 | D:11     | Noticed a purple ugly thing
 11259 | D:11     | Killed a purple ugly thing
 11342 | D:11     | Gained mutation: You are mostly covered in rugged brown
                  | scales. (AC +2, +5% HP) [demonic ancestry]
 11342 | D:11     | Reached XP level 12. HP: 33/86 MP: 16/21
 11591 | D:11     | Identified the +8 flail "Turerutz" {elec, +Blink rElec rN+}
 11895 | D:12     | Found a flickering gateway to a bazaar.
 11913 | Bazaar   | Entered a bazaar
 11913 | Bazaar   | Found Yqe Qalo's Antique Armour Shop.
 11913 | Bazaar   | Found Kaizaw's Distillery.
 11933 | Bazaar   | Found Ryprezikh's Antique Weapon Shop.
 11996 | Bazaar   | Bought a potion of berserk rage for 80 gold pieces
 11996 | Bazaar   | Bought 2 potions of heal wounds for 160 gold pieces
 12009 | Bazaar   | Bought a jewelled spear for 176 gold pieces
 12009 | Bazaar   | Identified the +4 spear of Ziaramno {venom, *Noise rElec
                  | MP-9 Str+8} (You bought it in a shop in a bazaar)
 12027 | Bazaar   | Bought a pair of embroidered gloves for 187 gold pieces
 12027 | Bazaar   | Bought a glowing leather armour for 125 gold pieces
 12064 | D:12     | Found a transporter.
 12064 | D:12     | Noticed ytrimaz's ghost (journeyman DsBe)
 12363 | D:12     | Reached skill level 10 in Axes
 12462 | D:12     | Found a transporter.
 12783 | D:12     | Reached ***** piety under Hepliaklqana
 12784 | D:12     | Gained mutation: You occasionally shout uncontrollably at
                  | your foes. [a neqoxec]
 12787 | D:12     | Gained mutation: You occasionally lose the ability to read
                  | scrolls when taking damage. [a neqoxec]
 12858 | D:12     | Gained mutation: You are frail. (-10% HP) [a neqoxec]
 12860 | D:12     | Gained mutation: Your magical capacity is low. (-10% MP) [a
                  | neqoxec]
 12860 | D:12     | Gained mutation: You occasionally lose the ability to drink
                  | potions when taking damage. [a neqoxec]
 12867 | D:12     | Lost mutation: You are frail. (-10% HP) [potion of
                  | mutation]
 12867 | D:12     | Lost mutation: Your magical capacity is low. (-10% MP)
                  | [potion of mutation]
 12867 | D:12     | Lost mutation: You occasionally lose the ability to read
                  | scrolls when taking damage. [potion of mutation]
 12867 | D:12     | Gained mutation: Your flesh is cold resistant. (rC+)
                  | [potion of mutation]
 12952 | D:9      | Lost mutation: Your flesh is cold resistant. (rC+) [potion
                  | of mutation]
 12952 | D:9      | Lost mutation: You occasionally lose the ability to drink
                  | potions when taking damage. [potion of mutation]
 12952 | D:9      | Lost mutation: You occasionally shout uncontrollably at
                  | your foes. [potion of mutation]
 12952 | D:9      | Gained mutation: You have sharp toenails. [potion of
                  | mutation]
 13034 | Orc:1    | Entered Level 1 of the Orcish Mines
 13038 | Orc:1    | Noticed Erica
 13090 | D:10     | Killed Erica
 13152 | Orc:1    | Paralysed by an orc sorcerer for 2 turns
 13393 | Orc:2    | Entered Level 2 of the Orcish Mines
 13431 | Orc:2    | Found a staircase to the Elven Halls.
 13448 | Orc:2    | Noticed a two-headed ogre
 13456 | Orc:2    | Killed a two-headed ogre
 13477 | Orc:2    | Learned a level 3 spell: Lesser Beckoning
 13521 | Orc:2    | Noticed Rupert
 13556 | Orc:2    | Killed Rupert
 13557 | Orc:2    | Gained mutation: You are completely covered in rugged brown
                  | scales. (AC +3, +7% HP) [demonic ancestry]
 13557 | Orc:2    | Reached XP level 13. HP: 12/88 MP: 23/23
 13885 | Orc:2    | Gained mutation: You are weak. (Str -2) [a neqoxec]
 14088 | Orc:2    | Found Hyruip Dyn's Armour Emporium.
 14088 | Orc:2    | Found Jequaffa's Antique Armour Boutique.
 14168 | Orc:2    | Found Dofiap's Jewellery Emporium.
 14168 | Orc:2    | Found Dummuom's Distillery.
 14358 | Orc:2    | Bought a potion of mutation for 112 gold pieces
 14358 | Orc:2    | Lost mutation: You have sharp toenails. [potion of
                  | mutation]
 14358 | Orc:2    | Lost mutation: You are weak. (Str -2) [potion of mutation]
 14358 | Orc:2    | Gained mutation: You occasionally lose the ability to drink
                  | potions when taking damage. [potion of mutation]
 14358 | Orc:2    | Gained mutation: You have large cloven feet. [potion of
                  | mutation]
 14802 | Orc:1    | Learned a level 5 spell: Manifold Assault
 14879 | Orc:1    | Noticed Sonja
 14885 | Orc:1    | Killed Sonja
 14890 | Orc:1    | Lost mutation: You have large cloven feet. [potion of
                  | mutation]
 14890 | Orc:1    | Lost mutation: You occasionally lose the ability to drink
                  | potions when taking damage. [potion of mutation]
 14890 | Orc:1    | Gained mutation: Your spells are a little easier to cast,
                  | but a little less powerful. [potion of mutation]
 14890 | Orc:1    | Gained mutation: You expend magic power (3 MP) to
                  | strengthen your wands. [potion of mutation]
 14890 | Orc:1    | Gained mutation: You have a pair of small horns on your
                  | head. [potion of mutation]
 15171 | Lair:1   | Reached skill level 11 in Axes
 15244 | Lair:1   | Reached skill level 1 in Evocations
 15293 | Lair:1   | Identified the +0 pair of gloves "Jannubyo" {Harm rC-
                  | Dex+4}
 15298 | Lair:1   | Noticed flotson's ghost (journeyman DsDe)
 15308 | Lair:1   | Found a transporter.
 15323 | Lair:1   | Reached skill level 1 in Invocations
 15607 | Lair:1   | Found a transporter.
 16068 | Lair:1   | Killed flotson's ghost
 16133 | Lair:1   | Got the Volume of Arenous Mustering
 16138 | Lair:1   | Learned a level 3 spell: Call Canine Familiar
 16381 | Lair:2   | Reached skill level 1 in Summonings
 16481 | Lair:2   | Found a staircase to the Snake Pit.
 17043 | Lair:2   | Reached ****** piety under Hepliaklqana
 17245 | Orc:2    | Bought a +2 pair of boots of rampaging for 258 gold pieces
 17563 | Lair:3   | Reached XP level 14. HP: 99/102 MP: 19/26
 17977 | Lair:3   | Found a staircase to the Shoals.
 18607 | Lair:4   | Found a viscous altar of Jiyva.
 18609 | Lair:4   | Found a staircase to the Slime Pits.
 18618 | Lair:4   | Reached skill level 5 in Invocations
 18768 | Lair:4   | Found a frozen archway.
 18799 | IceCv    | Entered an ice cave
 18814 | IceCv    | Found a transporter.
 18822 | IceCv    | Found a transporter.
 19568 | Lair:5   | Entered Level 5 of the Lair of Beasts
 20085 | Lair:5   | Found the +3 Elemental Staff {rElec rF++ rC++ AC+5}
 20143 | Lair:4   | HP: 3/104 [cane toad (13)]
 20248 | Lair:4   | Upgraded the game from 0.29-a0-1023-g6ae1a4a2c7 to
                  | 0.29-a0-1043-g569b05d6ff
 21000 | Lair:5   | Reached skill level 12 in Axes
 21610 | D:13     | Gained mutation: You regenerate magic rapidly. [demonic
                  | ancestry]
 21610 | D:13     | Reached XP level 15. HP: 110/110 MP: 25/28
 21683 | D:13     | Found a runed translucent gate.
 21683 | D:13     | Found an ancient bone altar of Kikubaaqudgha.
 21684 | D:13     | Found a runed translucent gate.
 21684 | D:13     | Found a runed translucent gate.
 21702 | D:13     | Found a gate to the Vaults.
 21887 | D:11     | Reached skill level 5 in Evocations
 22264 | D:13     | Noticed Lodul
 22319 | D:13     | Killed Lodul
 22320 | D:13     | Reached skill level 5 in Summonings
 22392 | D:13     | Noticed Roczioh's ghost (journeyman DsEn)
 22392 | D:13     | Noticed a lich
 22393 | D:13     | Noticed a lich
 22393 | D:13     | Noticed Jiziv's ghost (journeyman DjCj)
 22393 | D:13     | Noticed a lich
 22601 | D:12     | HP: 4/110 [poisoned by a death knight]
 23172 | D:13     | Found a hazy altar of Hepliaklqana.
 23352 | D:13     | Learned a level 5 spell: Summon Forest
 23494 | D:13     | Noticed Erolcha
 23498 | D:13     | Killed Erolcha
 24289 | D:15     | Entered Level 15 of the Dungeon
 24911 | D:14     | Reached skill level 10 in Spellcasting
 25024 | D:15     | Found a staircase to the Depths.
 25656 | D:12     | Gained mutation: You sometimes lose your temper in combat.
                  | [a neqoxec]
 25669 | D:12     | Killed ytrimaz's ghost
 25728 | D:12     | Got the ring of Dithmenos's Supremacy {rPois Int+6}
 25880 | Snake:1  | Entered Level 1 of the Snake Pit
 26011 | D:9      | Lost mutation: You sometimes lose your temper in combat.
                  | [potion of mutation]
 26011 | D:9      | Lost mutation: You have a pair of small horns on your head.
                  | [potion of mutation]
 26011 | D:9      | Gained mutation: You have a pair of small horns on your
                  | head. [potion of mutation]
 26011 | D:9      | Gained mutation: You are dopey. (Int -2) [potion of
                  | mutation]
 26011 | D:9      | Gained mutation: You are strong-willed. (Will+) [potion of
                  | mutation]
 26012 | D:9      | Lost mutation: You are dopey. (Int -2) [potion of mutation]
 26012 | D:9      | Lost mutation: Your spells are a little easier to cast, but
                  | a little less powerful. [potion of mutation]
 26012 | D:9      | Lost mutation: You have a pair of small horns on your head.
                  | [potion of mutation]
 26012 | D:9      | Gained mutation: You are dopey. (Int -2) [potion of
                  | mutation]
 26012 | D:9      | Lost mutation: You are dopey. (Int -2) [potion of mutation]
 26083 | Snake:1  | Reached skill level 10 in Fighting
 26098 | Snake:1  | Found a transporter.
 26163 | Snake:1  | Found Giasm's Neck Hole.
 26174 | Snake:1  | Reached skill level 5 in Stealth
 26193 | Snake:1  | Bought a scarf of repulsion for 192 gold pieces
 26464 | Snake:1  | Found a transporter.
 26652 | Snake:1  | Slain by a naga warrior

Illustrated notes

Levels and vault maps discovered:
D:1:      grunt_arrival_crossed_arrows, layout_basic, serial_shops,
          nicolae_shop_crystal
D:2:      layout_basic, basic_ecumenical_altar, hangedman_decor_riveting
D:3:      layout_basic, kiku_gazebo_pond_becter, cheibrodos_sewer_entry_bend,
          uniq_terence, uniq_crazy_yiuf_cottage, uniq_robin
D:4:      layout_layer_cave, mainiacjoe_overflow_cross_hatched,
          minmay_temple_entry_enclosed_plants
D:5:      layout_cave_pools, pf_just_have_faith, mainiacjoe_overflow_brackets,
          nrook_loot_triangle
D:6:      layout_basic, serial_glass, glass_columns_b, glass_columns_a
D:7:      layout_basic, uniq_menkaure
D:8:      layout_loops_corners, slow_altar_2
D:9:      layout_basic, minmay_lair_entry_grove, hellmonk_ghost_happy_afterlife,
          hangedman_abyss_or_decor_stagger, nicolae_stop_n_shop_1
D:10:     wad_woods_settlement, layout_rooms, erik_orc_1, serial_shops, shop,
          minmay_misc_feat_nine_boxes, chequers_jeans, minmay_fountain_box,
          uniq_harold
D:11:     layout_cave_pools, minivault_25_ag
D:12:     layout_rooms, serial_shops, bzr_entry_lakeside,
          gammafunk_ghost_stat_death
D:13:     layout_basic, erik_vaults_2, gammafunk_ghost_crypt,
          nicolae_hepliaklqana_hippocampus, uniq_lodul, uniq_erolcha
D:14:     layout_loops_cross, minmay_misc_feat_cross
D:15:     hangedman_depths_entry_try_elsewhere_first, layout_cave_pools,
          chequers_serial_rivers_room_b
Temple:   minmay_crystal_spiral_temple
Lair:1:   layout_gridlike, nzn_ghost_randoct, chequers_serial_rivers_room_b,
          serial_bayou_shore_b
Lair:2:   layout_concentric_octagons, minmay_snake_entry_guardpost_small,
          st_stairs_11
Lair:3:   layout_cave_pods, shoals_dummy_entry, grunt_forest_stairs_clearing,
          serial_bayou_shore_b
Lair:4:   layout_regular_city, minmay_slime_entry_oklob_open,
          portal_ice_cave_entry_ice_simulacra, grunt_megastairs_3,
          serial_bayou_shore_b
Lair:5:   minmay_lair_end_frog_pond, layout_regular_city
Snake:1:  gammafunk_its_a_trap, layout_rooms, nicolae_shop_sticking_my_neck_out
Orc:1:    layout_diamond_mine, basic_altar, uniq_erica, uniq_sonja
Orc:2:    st_orc_town, layout_diamond_mine, uniq_rupert

Skill      XL: |  1  2  3  4  5  6  7  8  9 10 11 12 13 14 15 |
---------------+----------------------------------------------+-----
Axes           | 3 4 5 6 7 8 9 10 11 12 | 12.8
Dodging        | 3 4 5 6 7 |  7.3
Armour         | 1 2 3 4 6 7 8 9 |  9.4
Fighting       | 3 4 5 6 7 8 9 10 | 10.0
Spellcasting   | 1 2 3 5 6 7 8 9 10 | 10.3
Transmutations | 1 3 4 5 6 7 8 |  8.2
Translocations | 2 3 4 5 6 7 |  7.6
Throwing       | 2 3 |  3.4
Stealth        | 1 2 3 4 5 |  5.0
Evocations     | 2 4 6 |  6.3
Invocations    | 4 7 9 |  9.3
Summonings     | 2 4 6 |  6.2

Action                   |  1- 3 |  4- 6 |  7- 9 | 10-12 | 13-15 || total
-------------------------+-------+-------+-------+-------+-------++-------
Melee: War axe           |    76 |       |       |       |       ||    76
       Punch             |     1 |     1 |       |     4 |    11 ||    17
       Hand axe          |    18 |   137 |   122 |   385 |   633 ||  1295
       Touch             |       |    20 |    26 |    90 |   162 ||   298
       Kick              |       |       |     1 |    12 |    12 ||    25
       Headbutt          |       |       |       |     6 |   176 ||   182
       Broad axe         |       |       |       |       |   181 ||   181
       Staff             |       |       |       |       |     5 ||     5
Throw: Boomerang         |       |     1 |     1 |       |     3 ||     5
       Dart              |       |       |     6 |    14 |     6 ||    26
       Throwing net      |       |       |       |     2 |       ||     2
 Cast: Beastly Appendage |       |       |     1 |     5 |     3 ||     9
       Wereblood         |       |       |       |    15 |    18 ||    33
       Blink             |       |       |       |     2 |     2 ||     4
       Manifold Assault  |       |       |       |       |    20 ||    20
       Call Canine Famil |       |       |       |       |    25 ||    25
       Summon Forest     |       |       |       |       |     2 ||     2
Invok: Recall Ancestor   |       |       |     1 |     4 |     5 ||    10
       Ancestor Life: Ba |       |       |     1 |       |       ||     1
Evoke: Wand              |       |       |       |     5 |     4 ||     9
       Tin of tremorston |       |       |       |       |     3 ||     3
  Use: Scroll            |     4 |     7 |     4 |     7 |    15 ||    37
       Potion            |     1 |     2 |       |     6 |    14 ||    23
 Stab: Distracted        |       |       |     1 |     7 |    22 ||    30
Armor: Leather armour    |    39 |     9 |       |    50 |   109 ||   207
       Scale mail        |       |    32 |    48 |   127 |       ||   207
       Ice dragon scales |       |       |       |       |   299 ||   299
       Plate armour      |       |       |       |       |    50 ||    50
       Ring mail         |       |       |       |       |     8 ||     8
Dodge: Dodged            |    84 |    89 |   103 |   388 |   528 ||  1192
       Repelled          |       |       |       |       |     2 ||     2

Table legend: (Time is in decaauts)
 A = Elapsed time spent in this place.
 B = Non-inter-level travel time spent in this place.
 C = Inter-level travel time spent in this place.
 D = Time resting spent in this place.
 E = Time spent auto-exploring this place.
 F = Levels seen in this place.
 G = Mean time per level.
                   A        B        C        D        E       F      G
               +--------+--------+--------+--------+--------+-----+--------+
         Total |  26553 |  24612 |   1941 |   1756 |  13400 |  26 | 1021.3 |
       Dungeon |  17564 |  16156 |   1408 |   1456 |   9224 |  15 | 1170.9 |
        Temple |    157 |    157 |      0 |      0 |      8 |   1 |  157.0 |
          Lair |   5937 |   5590 |    347 |    174 |   3132 |   5 | 1187.4 |
     Snake Pit |    679 |    641 |     38 |      0 |    344 |   1 |  679.0 |
  Orcish Mines |   1985 |   1837 |    148 |    126 |    691 |   2 |  992.5 |
        Bazaar |    143 |    143 |      0 |      0 |      0 |   1 |  143.0 |
      Ice Cave |     84 |     84 |      0 |      0 |      0 |   1 |   84.0 |
               +--------+--------+--------+--------+--------+-----+--------+

Top non-repeatable levels by time:
     D:4: 1646 daAuts
    D:12: 1629 daAuts
    D:10: 1502 daAuts
     D:9: 1493 daAuts
    D:13: 1435 daAuts
   Orc:2: 1382 daAuts
     D:3: 1369 daAuts
  Lair:5: 1299 daAuts
  Lair:4: 1274 daAuts
     D:8: 1272 daAuts
  Lair:1: 1244 daAuts
  Lair:3: 1143 daAuts
     D:6: 1110 daAuts
  Lair:2: 975 daAuts
     D:2: 954 daAuts
